Map: Acid Plant LE

Players

bigbubbadave

  • Race: Protoss Protoss
  • League: Diamond
  • Spawn Location: 5:00

Fernando - Winner!

  • Race: Terran Terran
  • League: Platinum
  • Spawn Location: 11:00

VOD

Have the link to the VOD?

Description

Time

  • Played on: July 12, 2018, 8:59 p.m.
  • Length: 8:53
Show
View Real Time Build Order
Export as new Build Order

bigbubbadave Protoss 

Build Orders: 1 Gate Expand 

Get SALT Encoding   

  12  0:01  Probe  
  13  0:13  Probe  
  14  0:18  Pylon  
  14  0:25  Probe  
  15  0:37  Gateway  
  15  0:39  Probe  
  15  0:47  Probe  
  15  0:48  Assimilator  
  17  0:57  Probe  
  18  1:09  Probe  
  19  1:21  Probe  
  20  1:37  Nexus  
  20  1:42  Cybernetics Core  
  20  1:50  Pylon, Probe  
  21  2:01  Assimilator  
  21  2:02  Probe  
  22  2:09  Warp Gate  
  22  2:12  Adept  
  22  2:14  Probe  
  25  2:23  Probe  
  26  2:31  Probe  
  26  2:36  Gateway  
  27  2:40  Probe  
  28  2:46  Shield Battery  
  28  2:53  Sentry  
  28  2:57  Robotics Facility  
  28  3:00  Probe  
  28  3:04  Probe  
  32  3:11  Pylon  
  32  3:18  Probe  
  32  3:19  Probe  
  34  3:23  Adept  
  36  3:30  Probe  
  36  3:31  Adept, Probe  
  40  3:43  Stalker, Probe  
  40  3:46  Gateway, Probe  
  44  3:56  Pylon  
  44  3:59  Immortal  
  44  4:01  Probe  
  44  4:02  Probe  
  50  4:13  Probe  
  51  4:17  Shield Battery  
  51  4:27  Twilight Council  
  51  4:28  Stalker  
  53  4:35  Immortal  
  53  4:44  Stalker x2  
  61  4:50  Pylon  
  61  4:53  Probe  
  61  4:55  Pylon  
  62  5:03  Pylon  
  62  5:06  Immortal  
  62  5:09  Stalker x2  
  70  5:22  Stalker  
  70  5:26  Probe x2  
  74  5:30  Assimilator  
  74  5:32  Assimilator  
  74  5:38  Sentry, Probe  
  74  5:42  Probe  
  78  5:47  Adept x2  
  82  5:50  Probe  
  82  5:56  Probe  
  84  6:02  Probe  
  85  6:06  Stalker  
  85  6:09  Gateway  
  86  6:11  Gateway  
  86  6:17  Pylon  
  86  6:30  Nexus  
  86  6:33  Warp Prism, Pylon  
  86  6:35  Blink, Probe  
  86  6:37  Stalker  
  91  6:45  Pylon  
  91  6:55  Sentry  
  91  6:58  Immortal  
  91  7:01  Pylon  
  93  7:04  Stalker x2  
  101  7:17  Pylon  
  79  7:26  Stalker  
  67  7:34  Sentry x2  
  70  7:50  Stalker, Pylon  
  70  8:03  Shield Battery, Immortal  
  70  8:09  Stalker x2  
  70  8:10  Stalker x2  
  80  8:27  Shield Battery  
  80  8:30  Stalker  
  51  8:43  Zealot x4  
Show
View Real Time Build Order
Export as new Build Order

Fernando Terran - Winner!

Build Orders:  

Get SALT Encoding   

  12  0:02  SCV  
  13  0:15  Supply Depot  
  13  0:18  SCV  
  14  0:30  SCV  
  15  0:39  Barracks  
  15  0:48  Barracks  
  15  0:57  Refinery  
  15  0:58  SCV  
  16  1:10  SCV  
  17  1:22  SCV  
  18  1:26  Marine  
  19  1:34  Supply Depot, SCV  
  20  1:42  Barracks Tech Lab  
  20  1:44  Marine  
  20  1:45  Refinery  
  21  1:51  Orbital Command  
  21  2:02  Marauder  
  21  2:03  Concussive Shells  
  23  2:16  Barracks Reactor  
  23  2:20  SCV  
  24  2:23  Supply Depot  
  24  2:27  Marauder  
  26  2:36  SCV  
  27  2:48  SCV  
  27  2:49  Marauder  
  30  2:52  Marine x2  
  32  3:00  Supply Depot  
  32  3:01  SCV  
  33  3:10  Factory, Marine x2  
  35  3:23  Marauder  
  37  3:28  Marine x2  
  37  3:32  Supply Depot  
  39  3:45  Marine  
  39  3:46  Marine  
  41  3:54  Factory Tech Lab  
  41  3:58  Starport  
  41  4:02  Marauder  
  43  4:03  Marine x2  
  45  4:12  Supply Depot  
  45  4:13  Siege Tank  
  48  4:18  Liberator  
  48  4:36  Marine x2  
  53  4:43  Supply Depot  
  53  4:45  Siege Tank  
  56  4:48  Supply Depot  
  56  5:07  Supply Depot  
  56  5:13  Marine x2  
  58  5:18  Medivac  
  60  5:22  Siege Tank  
  60  5:26  Marauder  
  65  5:48  Starport Reactor  
  65  6:18  Siege Tank  
  65  6:19  Marine x2  
  65  6:25  Command Center  
  70  6:33  Viking  
  70  6:37  Marine x2  
  63  7:35  Viking x2  
  67  7:52  Liberator x2  
Tags
 
Add a new tag
Caveats
  • Supply blocks, unpowered buildings, or Contaminate may cause inaccurate times.
  • Supply counts are checked every 10 seconds.